 Dungeon Crawl Stone Soup version 0.23.2-1-ga50397a6bc (webtiles) character file.

Game seed: 7765346718851357220

516476 viktor89 the Slayer (level 24, -5/212 HPs)
             Began as a Purple Draconian Conjurer on May 25, 2019.
             Was the Champion of Hepliaklqana.
             Killed by the air
             ... invoked by a titan
              (35 damage)
             ... on level 5 of the Vaults on May 26, 2019.
             The game lasted 05:22:43 (89372 turns).

viktor89 the Slayer (Purple Draconian Conjurer)    Turns: 89372, Time: 05:22:44

Health: -5/212     AC: 19    Str: 16    XL:     24   Next: 50%
Magic:  11/45      EV: 20    Int: 33    God:    Hepliaklqana [******]
Gold:   5161       SH: 17    Dex:  9    Spells: 3/59 levels left

rFire    + + +     SeeInvis +   h - +9 demon trident (freeze)
rCold    + . .     Gourm    .   v - +4 shield "Anoppes" {rElec rF+++ Dex-3 SInv}
rNeg     + . .     Faith    .   (armour unavailable)
rPois    +         Spirit   .   W - +2 hat
rElec    +         Reflect  .   T - +0 cloak of the Arcane {rC+ Int+4}
rCorr    +         Harm     .   L - +2 pair of gloves "Voweriz" {rElec rCorr}
MR       +++++     Clarity  +   s - +0 pair of boots {Stlth+}
Stlth    +++.......             E - amulet of the Four Winds {rN+ MR+++ Clar}
HPRegen  0.45/turn              r - +4 ring of evasion
MPRegen  0.29/turn              a - ring "Zosutz" {rPois Str+3 Int+4 Slay+3}

@: very slightly contaminated, invisible
A: breathe power, unfitting armour, reduced essence, cold-blooded, AC +12
}: 2/15 runes: barnacled, gossamer
a: Breathe Dispelling Energy, Recall Ancestor, Ancestor Identity, Transference,
Idealise, Renounce Religion


You were on level 5 of the Vaults.
You worshipped Hepliaklqana.
Hepliaklqana was exalted by your worship.
You were not hungry.

You visited 9 branches of the dungeon, and saw 45 of its levels.
You also visited: Ossuary, Gauntlet and Ice Cave.

You collected 6409 gold pieces.
You spent 1248 gold pieces at shops.

Inventory:

Hand Weapons
 h - a +9 demon trident of freezing (weapon)
Missiles
 R - 15 throwing nets (quivered)
Armour
 s - a +0 pair of boots of stealth (worn)
 v - the +4 shield "Anoppes" (worn) {rElec rF+++ Dex-3 SInv}
   (You acquired it on level 5 of the Lair of Beasts)

   It affects your dexterity (-3).
   It renders you almost immune to fire.
   It insulates you from electricity.
   It lets you see invisible.
 L - the +2 pair of gloves "Voweriz" (worn) {rElec rCorr}
   (You acquired it on level 1 of the Shoals)

   It insulates you from electricity.
   It provides partial protection from all sources of acid and corrosion.
 T - the +0 cloak of the Arcane (worn) {rC+ Int+4}
   (You found it in a Gauntlet)

   It affects your intelligence (+4).
   It protects you from cold.
 W - a +2 hat (worn)
Magical Staves
 V - an uncursed staff of wizardry
 X - an uncursed staff of cold
Jewellery
 a - the ring "Zosutz" (right hand) {rPois Str+3 Int+4 Slay+3}
   (You bought it in a shop on level 3 of the Elven Halls)

   [ring of poison resistance]

   It affects your strength (+3).
   It affects your intelligence (+4).
   It affects your accuracy and damage with ranged weapons and melee attacks
   (+3).
   It protects you from poison.
 e - the ring of the Heavens {rN+ Str+3 Int+3}
   (You took it off a deep elf sorcerer on level 3 of the Elven Halls)

   [ring of positive energy]

   It affects your strength (+3).
   It affects your intelligence (+3).
   It protects you from negative energy.
 r - a +4 ring of evasion (left hand)
 t - an uncursed ring of ice
 E - the amulet of the Four Winds (around neck) {rN+ MR+++ Clar}
   (You took it off a deep elf elementalist on level 3 of the Elven Halls)

   [amulet of nothing]

   It protects you from negative energy.
   It affects your resistance to hostile enchantments.
   It protects you against confusion.
 M - a +4 amulet of reflection
 Q - the ring "Ampuqaff" {+Inv rPois Int-3 Dex+3}
   (You found it in a Gauntlet)

   [ring of poison resistance]

   It affects your intelligence (-3).
   It affects your dexterity (+3).
   It protects you from poison.
   It lets you turn invisible.
Wands
 d - a wand of acid (52)
 u - a wand of digging (12)
 A - a wand of iceblast (24)
 P - a wand of paralysis (10)
Scrolls
 c - 8 scrolls of immolation
 g - a scroll of silence
 k - 21 scrolls of remove curse
 m - 13 scrolls of amnesia
 o - 33 scrolls of teleportation
 p - 7 scrolls of blinking
 w - 3 scrolls of fear
 y - 8 scrolls of fog
 C - a scroll of vulnerability
 D - a scroll of holy word
 J - 3 scrolls of enchant armour
 K - 9 scrolls of magic mapping
 S - 29 scrolls of identify
 Y - 4 scrolls of summoning
Potions
 f - 3 potions of magic
 i - 6 potions of heal wounds
 j - 12 potions of curing
 l - 9 potions of mutation
 n - 10 potions of haste
 x - 6 potions of flight
 z - 2 potions of invisibility
 B - 4 potions of cancellation
 F - 5 potions of might
 G - 5 potions of lignification
 H - 3 potions of resistance
 I - 4 potions of ambrosia
 O - 3 potions of brilliance
 U - 4 potions of agility
Miscellaneous
 q - 2 phantom mirrors
Comestibles
 b - 64 rations


   Skills:
 + Level 23.4 Fighting
 - Level 14.0 Polearms
 + Level 8.8 Dodging
 - Level 2.0 Stealth
 - Level 15.0 Shields
 * Level 18.4 Spellcasting
 - Level 18.0 Conjurations
   Level 2.1 Hexes
 - Level 5.0 Charms
 - Level 5.0 Necromancy
 - Level 4.1 Translocations
 - Level 11.0 Transmutations
 - Level 10.0 Ice Magic
 - Level 12.0 Earth Magic
 - Level 4.0 Poison Magic


You had 3 spell levels left.
You knew the following spells:

 Your Spells              Type           Power        Failure   Level  Hunger
a - Magic Dart            Conj           ####         0%          1    None
b - Venom Bolt            Conj/Pois      #######...   1%          5    None
c - Iskenderun's Mystic   Conj           #######.     0%          4    None
d - Regeneration          Chrm/Necr      ######....   1%          3    None
e - Mephitic Cloud        Conj/Pois/Air  ######..     1%          3    None
f - Conjure Flame         Conj/Fire      ######..     1%          3    None
g - Blink                 Tloc           N/A          1%          2    None
h - Throw Icicle          Conj/Ice       #######.     1%          4    None
i - Ozocubu's Armour      Chrm/Ice       ######..     1%          3    None
j - Statue Form           Tmut/Erth      #######..    1%          6    None
k - Bolt of Cold          Conj/Ice       #######...   1%          6    None
l - Borgnjor's Vile Clut  Necr/Erth      ######....   1%          5    None
m - Orb of Destruction    Conj           #######...   1%          7    ###....
n - Olgreb's Toxic Radia  Pois           ######..     2%          4    None

Your spell library contained the following spells:

 Spells                   Type           Power        Failure   Level  Hunger
 Beastly Appendage        Tmut           ######       0%          1    None
 Sandblast                Erth           ######       0%          1    None
 Sting                    Conj/Pois      ####         0%          1    None
 Passwall                 Tmut/Erth      #######.     0%          2    None
 Searing Ray              Conj           ######       0%          2    None
 Throw Frost              Conj/Ice       ######       0%          2    None
 Stone Arrow              Conj/Erth      ######       0%          3    None
 Animate Skeleton         Necr           N/A          1%          1    None
 Apportation              Tloc           ######       1%          1    None
 Confusing Touch          Hex            #####.       1%          1    None
 Corona                   Hex            #####..      1%          1    None
 Freeze                   Ice            ####         1%          1    None
 Pain                     Necr           ####         1%          1    None
 Summon Small Mammal      Summ           ####         1%          1    None
 Call Imp                 Summ           ####....     1%          2    None
 Ensorcelled Hibernation  Hex/Ice        ######       1%          2    None
 Poisonous Vapours        Pois/Air       #####.       1%          2    None
 Shroud of Golubria       Chrm/Tloc      ######....   1%          2    None
 Slow                     Hex            #####...     1%          2    None
 Sticks to Snakes         Tmut           #######.     1%          2    None
 Swiftness                Chrm/Air       #####...     1%          2    None
 Confuse                  Hex            #####...     1%          3    None
 Dazzling Spray           Conj/Hex       ######       1%          3    None
 Gell's Gravitas          Tloc           ######....   1%          3    None
 Lesser Beckoning         Tloc           ######....   1%          3    None
 Portal Projectile        Hex/Tloc       ######       1%          3    None
 Spider Form              Tmut/Pois      ######....   1%          3    None
 Teleport Other           Tloc           ######..     1%          3    None
 Vampiric Draining        Necr           ######....   1%          3    None
 Inner Flame              Hex/Fire       #####...     2%          3    None
 Summon Guardian Golem    Hex/Summ       #####...     2%          3    None
 Call Canine Familiar     Summ           ####....     3%          3    None
 Animate Dead             Necr           N/A          1%          4    None
 Force Lance              Conj/Tloc      #######.     1%          4    None
 Fulminant Prism          Conj/Hex       #######...   1%          4    None
 Ice Form                 Ice/Tmut       #######.     1%          4    None
 Leda's Liquefaction      Hex/Erth       ######....   1%          4    None
 Petrify                  Tmut/Erth      #######.     1%          4    None
 Summon Ice Beast         Ice/Summ       ######..     1%          4    None
 Blade Hands              Tmut           #######...   1%          5    None
 Bolt of Magma            Conj/Fire/Erth #######...   1%          5    None
 Irradiate                Conj/Tmut      #######...   1%          5    None
 Iskenderun's Battlesphe  Conj/Chrm      #######.     1%          5    None
 Lee's Rapid Deconstruct  Erth           #######...   1%          5    None
 Hydra Form               Tmut           #######...   1%          6    None
 Iron Shot                Conj/Erth      #######...   1%          6    None
 Poison Arrow             Conj/Pois      #######...   1%          6    None
 Passage of Golubria      Tloc           N/A          2%          4    None
 Metabolic Englaciation   Hex/Ice        ######....   2%          5    None
 Yara's Violent Unravell  Hex/Tmut       ######....   2%          5    None
 Ozocubu's Refrigeration  Ice            #######...   3%          6    None
 Cause Fear               Hex            #####.....   4%          4    None
 Conjure Ball Lightning   Conj/Air       ######....   4%          6    None
 Freezing Cloud           Conj/Ice/Air   #######...   4%          6    None
 Simulacrum               Ice/Necr       ######....   9%          6    None
 Dragon Form              Tmut           #######...   11%         7    ###....
 Summon Lightning Spire   Summ/Air       ####....     12%         4    None
 Lehudib's Crystal Spear  Conj/Erth      #######...   17%         8    #####..
 Silence                  Hex/Air        #####.....   22%         5    None
 Spellforged Servitor     Conj/Summ      ######....   26%         7    ###....
 Deflect Missiles         Chrm/Air       #####.....   54%         6    None
 Darkness                 Hex            #####.....   61%         6    None
 Invisibility             Hex            #####...     61%         6    None
 Shadow Creatures         Summ           N/A          88%         6    None
 Chain Lightning          Conj/Air       ######....   89%         8    #####..
 Glaciate                 Conj/Ice       #######...   98%         9    ######.
 Malign Gateway           Summ/Tloc      #####.....   99%         7    ###....
 Monstrous Menagerie      Summ           ####......   100%        7    ###....
 Summon Greater Demon     Summ           ####......   100%        7    ###....
 Discord                  Hex            #####.....   100%        8    #####..
 Summon Horrible Things   Summ           ####......   100%        8    #####..
 Fire Storm               Conj/Fire      ######....   100%        9    ######.
 Tornado                  Air            ####......   100%        9    ######.


Dungeon Overview and Level Annotations

Branches:
Dungeon (15/15)            Temple (1/1) D:7            Lair (6/6) D:11
 Shoals (4/4) Lair:2       Spider (4/4) Lair:4        Slime (0/5) Lair:5
    Orc (2/2) D:12            Elf (3/3) Orc:2        Vaults (5/5) D:14
  Crypt (0/3) Vaults:3     Depths (5/5) D:15            Zot (0/5) Depths:5

Altars:
Ashenzari
Cheibriados
Dithmenos
Elyvilon
Fedhas
Gozag
Hepliaklqana
Kikubaaqudgha
Okawaru
Qazlal
Ru
Sif Muna
Trog
Uskayaw
Vehumet
Wu Jian
Xom
Yredelemnul
Zin
Beogh
Jiyva
Lugonu

Shops:
D:9 ?   Orc:2 ?*:}(   Elf:1 }   Elf:3 %==}   Shoals:3 %   Vaults:3 !
Vaults:4 [   Depths:5 [

Portals:
Hell: Depths:1 Depths:2 Depths:3 Depths:4 Depths:5
Abyss: Depths:3 Depths:4
Pandemonium: Depths:3
Ziggurat: Depths:2
Trove: Elf:3 (give 12 potions of heal wounds)

Annotations:
D:11 exclusion: downstairs
Lair:2 exclusions: downstairs and knight
Lair:4 exclusion: downstairs
Elf:2 3 runed translucent doors


Innate Abilities, Weirdness & Mutations

You can breathe bolts of dispelling energy.
Your rich purple scales are hard. (AC +12)
You cannot fit into any form of body armour.
You are cold-blooded and may be slowed by cold attacks.
Your life essence is reduced to manifest your ancestor. (-10% HP)


Message History

* * * LOW HITPOINT WARNING * * *
Necuametl hits the orc knight with a +0 broad axe of speed!
The orc knight dies!
Necuametl hits the titan with a +0 broad axe of speed.
Necuametl hits the frost giant with a +0 broad axe of speed!
The zombie hands constrict the titan!
Necuametl hits the frost giant with a +0 broad axe of speed!
Necuametl hits the titan with a +0 broad axe of speed!
The titan hits Necuametl.
The frost giant hits Necuametl with a +0 battleaxe of freezing!!!
The frost giant freezes Necuametl.
Necuametl is destroyed!
The frost giant shouts!
The zombie hands lose their grip on something.
The deep elf sorcerer shouts, "You are history!"
Items here: ( ))) [[ รทรท You fade into invisibility!
The titan waves its arms in wide circles.
The air twists around and strikes you!
You die...

#..#..# ### ##
#..#... ..#?# #[
#..#..####..##.# #.#
#..#.......##..# #..#
#..#.....###..# #..
#..#..####.p.#######.
#..#......)......CuC.
#..)....).CC.........
#...@################
#....e...............
#....)...............
#.....)..............
#....)...............
#....################
#.......#......##....
#..#....#......##....
#..#.......##......##


You could see an ironheart preserver, a titan, a frost giant and a deep elf
sorcerer.

Vanquished Creatures
  Sojobo (Vaults:3)
  Boris (twice) (Vaults:3 Depths:1)
  Frederick (Vaults:2)
  Jory (Vaults:2)
  Arachne (Spider:3)
  A bone dragon (Depths:5)
  The ghost of Otatas the Shatterer, an adept GrBe of Trog (Vaults:3)
  A tentacled monstrosity (Depths:2)
  An Ice Fiend (IceCv)
  Asterion (Vaults:2)
  4 liches
  2 titans
  A deep elf master archer (Elf:3)
  A deep elf blademaster (Elf:3)
  Polyphemus (Shoals:2)
  A quicksilver dragon (Vaults:5)
  3 shadow dragons
  Frances (D:13)
  Kirke (Lair:5)
  Roxanne (Elf:3)
  4 storm dragons
  Donald (Spider:2)
  5 tengu reavers
  5 krakens
  A draconian knight (Depths:5)
  An iron dragon (Depths:5)
  2 orc warlords
  A frost giant (Depths:2)
  10 fire giants
  Louise (Spider:2)
  2 ghost moths (Spider:4)
  7 deep elf sorcerers
  A balrug (Depths:2)
  Aizul (Elf:3)
  7 vault wardens
  A spriggan defender (Depths:3)
  An emperor scorpion (Spider:4)
  11 very ugly things
  7 deep elf elementalists
  11 ironheart preservers
  An entropy weaver (Spider:3)
  An entropy weaver (shapeshifter) (Vaults:4)
  7 stone giants
  A draconian annihilator (Depths:5)
  2 vampire knights
  4 deep elf demonologists
  6 deep elf annihilators
  2 black draconians (Depths:5)
  10 ettins
  4 spark wasps
  A red draconian (Depths:5)
  A minotaur (Gauntlet)
  An eidolon (Vaults:3)
  3 white draconians (Depths:5)
  8 fire dragons
  4 merfolk javelineers (Shoals:4)
  4 deep elf death magi
  2 crystal guardians
  11 yaktaur captains
  A jiangshi (Depths:1)
  5 great orbs of eyes
  5 deep elf high priests
  8 ogre magi
  8 merfolk impalers
  9 ice dragons
  Harold (D:8)
  20 vault guards
  2 rakshasas
  Fannar (D:11)
  2 alligator snapping turtles
  4 hydras
  4 spriggan air magi
  5 centaur warriors
  A catoblepas (Shoals:2)
  2 merfolk avatars
  2 death knights
  3 deep troll shamans
  3 dancing weapons
  8 merfolk aquamancers
  6 deep troll earth magi
  A satyr (Shoals:3)
  33 two-headed ogres
  3 orc high priests
  2 hell hogs (Depths:1)
  5 spriggan berserkers
  4 death yaks (Shoals:2)
  Sonja (Lair:3)
  Urug (Orc:2)
  11 deep elf knights
  A small abomination (Elf:3)
  A spriggan (Depths:5)
  3 iron trolls (Depths:4)
  2 hell knights (Depths:5)
  6 skeletal warriors
  12 slime creatures
  A shadow wraith (Vaults:1)
  An unseen horror (shapeshifter) (Depths:2)
  11 deep trolls
  9 sea snakes
  3 flayed ghosts
  12 deep elf archers
  A wizard (Depths:2)
  Pikel (D:9)
  6 ironbrand convokers
  3 lindwurms
  21 harpies
  A tengu zombie (Vaults:3)
  19 wolf spiders
  4 necromancers
  12 orc knights
  15 orb spiders
  3 orc sorcerers
  36 deep elf magi
  2 phantasmal warriors
  15 manticores
  4 cyclopes
  19 fauns
  A salamander (shapeshifter) (Depths:2)
  3 salamanders (Depths:2)
  Joseph (D:8)
  A moth of wrath (shapeshifter) (Depths:1)
  33 ugly things
  10 black mambas
  A guardian serpent (shapeshifter) (Vaults:4)
  The ghost of Renjy the Geomancer, a novice GrEE of Cheibriados (D:3)
  A guardian serpent (Lair:6)
  2 moths of wrath (Spider:4)
  16 merfolk sirens
  5 elephants (Lair:6)
  A human skeleton (Vaults:4)
  2 ice statues (IceCv)
  8 vault sentinels
  A water nymph (shapeshifter) (Depths:3)
  A gargoyle (D:13)
  6 water nymphs
  4 centaur skeletons
  A spiny frog (shapeshifter) (Vaults:4)
  Maurice (D:9)
  5 spiny frogs
  4 torpor snails
  A hellwing (Depths:2)
  A yaktaur zombie (Vaults:4)
  2 freezing wraiths
  2 komodo dragons
  2 rime drakes (shapeshifter)
  4 ice devils (IceCv)
  30 yaktaurs
  2 yaktaurs (shapeshifter) (Depths:3)
  11 demonic crawlers
  2 anaconda simulacra (IceCv)
  28 merfolk
  3 tengu conjurers
  A rime drake (Lair:4)
  A golden dragon simulacrum (IceCv)
  29 jumping spiders
  A red devil (Depths:2)
  3 wind drakes (Shoals:4)
  14 hornets
  7 trolls
  3 tyrant leeches (Lair:6)
  A hornet (shapeshifter) (Depths:2)
  Grinder (D:4)
  6 meliai
  A wolf spider simulacrum (D:15)
  10 hippogriffs
  5 snapping turtles
  2 blink frogs (shapeshifter)
  5 blink frogs
  10 dream sheep
  2 dream sheep (shapeshifter)
  3 human simulacra
  3 ettin skeletons
  78 redbacks
  Sigmund (D:3)
  A vampire (D:12)
  A spriggan (shapeshifter) (Vaults:3)
  5 flying skulls
  3 shadows
  30 tarantellas
  2 air elementals
  21 water elementals
  2 wraiths
  12 wyverns
  2 dire elephant simulacra (IceCv)
  2 fire elementals
  28 yaks
  2 basilisks
  5 vampire mosquitoes
  2 harpy simulacra (IceCv)
  4 hungry ghosts
  An iron troll simulacrum (IceCv)
  A hydra simulacrum (IceCv)
  2 swamp worms (Gauntlet)
  11 water moccasins
  8 porcupines
  8 hell hounds
  2 floating eyes
  An eye of draining (D:12)
  An ice beast (D:5)
  5 sky beasts
  35 orc warriors
  An eye of draining (shapeshifter) (Vaults:3)
  3 phantoms
  An ettin simulacrum (IceCv)
  31 ogres
  2 elephant zombies (Lair:5)
  6 boggarts
  16 centaurs
  An elf skeleton (Vaults:4)
  7 wolves
  12 crocodiles
  3 knights
  14 bullfrogs
  2 earth elementals (Elf:1)
  3 scorpions
  17 wights
  4 electric eels
  3 howler monkeys
  3 crimson imps
  A basilisk zombie (Lair:5)
  3 bullfrog zombies
  5 jellies
  2 centaur zombies
  4 hounds
  18 orc priests
  3 bullfrog skeletons
  19 orc wizards
  3 iguanas
  4 worker ants
  Ijyb (D:5)
  An ancestor (D:8)
  A killer bee zombie (D:9)
  A hound zombie (D:8)
  2 hound skeletons (D:9)
  A mummy (Ossuary)
  2 worker ant zombies (D:6)
  8 adders
  17 gnolls
  A shadow imp (D:8)
  An ooze (D:2)
  An adder skeleton (D:6)
  3 worms (D:2)
  A dart slug (D:1)
  5 leopard geckos
  81 orcs
  11 bats
  3 giant cockroaches
  12 goblins
  8 hobgoblins
  7 jackals
  8 kobolds
  6 quokkas
  2 ball pythons
  10 frilled lizards
  3 gnoll skeletons (Ossuary)
  4 kobold skeletons (Ossuary)
  8 orc skeletons (Ossuary)
  9 rats
  3 plants
  7 tentacles (Shoals:4)
1565 creatures vanquished.

Vanquished Creatures (collateral kills)
  An ancient lich (Vaults:5)
  A golden dragon (Depths:3)
  Rupert (Lair:5)
  3 liches
  2 tentacled monstrosities
  A titan (Vaults:4)
  2 quicksilver dragons
  A sphinx (Depths:4)
  A storm dragon (Vaults:4)
  2 shadow dragons
  Ilsuiw (Shoals:2)
  2 tengu reavers (Vaults:5)
  2 frost giants
  2 fire giants
  A ghost moth (Spider:4)
  A deep elf sorcerer (Elf:3)
  2 deep elf elementalists (Elf:3)
  An orc warlord (Vaults:4)
  2 vault wardens (Vaults:5)
  The ghost of Renjy the Peltast, a journeyman GrEE of Cheibriados (Shoals:1)
  A spriggan defender (Depths:4)
  4 very ugly things
  4 ironheart preservers
  A purple draconian (Depths:5)
  4 stone giants
  A deep elf demonologist (Vaults:3)
  3 ettins (Depths:1)
  A merfolk javelineer (Depths:2)
  2 jiangshi (Depths:1)
  2 spark wasps
  An eidolon (Vaults:3)
  7 merfolk impalers
  2 deep elf death magi (Elf:3)
  2 great orbs of eyes
  3 fire dragons
  2 deep elf high priests (Elf:3)
  4 ogre magi
  2 ice dragons
  An ice dragon (shapeshifter) (D:15)
  2 yaktaur captains
  6 vault guards (Vaults:5)
  3 rakshasas
  An alligator snapping turtle (Shoals:4)
  A spriggan air mage (Depths:2)
  3 centaur warriors
  Erica (D:8)
  9 two-headed ogres
  4 dancing weapons
  4 merfolk avatars
  A deep troll earth mage (Depths:3)
  A deep troll shaman (Vaults:2)
  A spriggan berserker (Depths:3)
  A vampire mage (Depths:1)
  A small abomination (Elf:3)
  4 deep elf knights
  2 slime creatures
  A fire crab (D:12)
  A salamander mystic (Depths:2)
  A shadow wraith (Vaults:4)
  6 deep trolls
  A glowing orange brain (D:15)
  3 hell knights (Depths:5)
  A flayed ghost (Depths:2)
  6 sea snakes
  An unseen horror (D:15)
  A deep elf archer (Vaults:4)
  2 ironbrand convokers
  7 orc knights
  5 harpies
  2 phantasmal warriors
  5 orb spiders
  11 wolf spiders
  3 cyclopes
  7 fauns
  An orc sorcerer (D:12)
  A salamander (Depths:2)
  A manticore (Shoals:4)
  19 deep elf magi
  15 ugly things
  2 elephants
  A cyclops (shapeshifter) (Depths:3)
  A black mamba (Lair:5)
  2 vault sentinels
  2 merfolk sirens (Shoals:4)
  A centaur zombie (D:15)
  A water nymph (Shoals:1)
  An ice statue (Spider:2)
  Psyche (D:9)
  2 torpor snails (Lair:6)
  A gargoyle (D:14)
  4 spiny frogs
  5 demonic crawlers
  8 yaktaurs
  5 ice devils (IceCv)
  3 freezing wraiths
  A meliai (Spider:2)
  7 merfolk
  2 hornets
  12 trolls
  11 jumping spiders
  A wind drake (Shoals:3)
  3 snapping turtles
  A fire giant simulacrum (Vaults:1)
  4 dream sheep
  A hippogriff (shapeshifter) (D:15)
  3 hippogriffs
  32 redbacks
  A redback (shapeshifter) (Elf:2)
  6 water elementals
  A shadow (D:12)
  An air elemental (Elf:3)
  A fire elemental (Elf:3)
  20 tarantellas
  2 hungry ghosts
  3 basilisks
  2 wyverns (Lair:6)
  A hog (Lair:5)
  10 yaks
  2 wargs
  A hell hound (Depths:1)
  5 water moccasins
  A porcupine (Lair:2)
  21 orc warriors
  3 ice beasts
  3 boggarts
  20 ogres
  2 wolves (Lair:5)
  3 centaurs
  5 crocodiles
  4 bullfrogs
  A scorpion (D:12)
  3 wights
  A basilisk zombie (Lair:5)
  2 hounds
  7 orc priests
  A jelly (D:12)
  A gnoll shaman (Orc:1)
  5 orc wizards
  A worker ant (D:11)
  An adder (D:3)
  3 gnolls (Orc:1)
  A leopard gecko (D:7)
  27 orcs
  A jackal (D:7)
  2 gnoll skeletons (Ossuary)
  3 kobold skeletons (Ossuary)
  5 orc skeletons (Ossuary)
  A crawling corpse (Elf:3)
  A fungus (Lair:1)
  A plant (Shoals:4)
  3 tentacles (Shoals:4)
530 creatures vanquished.

Vanquished Creatures (others)
  A deep elf master archer (Elf:3)
  A stone giant (Vaults:5)
  A deep elf annihilator (Elf:3)
  A merfolk javelineer (Shoals:3)
  3 satyrs
  A dancing weapon (Elf:2)
  2 centaur warriors
  A deep elf knight (Elf:3)
  5 deep elf archers
  A deep elf mage (Elf:1)
  A merfolk siren (Shoals:4)
  A demonic crawler (Spider:2)
  2 yaktaurs
  A redback (Spider:1)
  3 humans (Lair:5)
  A hungry ghost (D:9)
  2 slaves (D:9)
  A centaur (Vaults:1)
  A gnoll sergeant (D:9)
  45 knights
  2 orc wizards
  An orc (D:9)
  17 fungi
  11 plants
  25 tentacles
131 creatures vanquished.

Grand Total: 2226 creatures vanquished

Notes
Turn   | Place    | Note
-------+----------+-------------------------------------------
     0 | D:1      | viktor89 the Draconian Conjurer began the quest for the
                  | Orb.
     0 | D:1      | Reached XP level 1. HP: 14/14 MP: 3/3
   247 | D:1      | Reached XP level 2. HP: 20/20 MP: 1/5
   961 | D:1      | Reached XP level 3. HP: 26/26 MP: 2/6
  1123 | D:2      | Noticed a scorpion
  1512 | D:2      | Learned a level 3 spell: Dazzling Spray
  1666 | D:2      | Reached skill level 1 in Shields
  1666 | D:2      | Reached XP level 4. HP: 29/33 MP: 0/7
  1888 | D:2      | Reached skill level 5 in Conjurations
  2480 | D:3      | Noticed Sigmund
  2545 | D:3      | Noticed a bullfrog
  2553 | D:3      | Killed a bullfrog
  2553 | D:3      | Reached XP level 5. HP: 19/38 MP: 0/9
  3323 | D:2      | Learned a level 4 spell: Iskenderun's Mystic Blast
  3341 | D:2      | Reached XP level 6. HP: 37/45 MP: 0/11
  4152 | D:3      | Found an opulent altar of Gozag.
  4210 | D:3      | You fall through a shaft for 3 floors!
  4294 | D:5      | Entered Level 5 of the Dungeon
  4357 | D:5      | Noticed Ijyb
  4420 | D:5      | Killed Ijyb
  4969 | D:3      | Found a runed translucent door.
  5026 | D:3      | Noticed Renjy's ghost (novice GrEE)
  5070 | D:3      | Your scales start taking on a rich purple colour.
  5070 | D:3      | Reached skill level 5 in Spellcasting
  5070 | D:3      | Reached XP level 7. HP: 15/50 MP: 1/14
  5615 | D:3      | Killed Sigmund
  6013 | D:4      | Noticed Grinder
  6290 | D:4      | Killed Grinder
  6290 | D:4      | Reached XP level 8. HP: 55/57 MP: 4/17
  6438 | D:4      | Reached skill level 5 in Shields
  8288 | D:6      | Reached XP level 9. HP: 62/62 MP: 8/20
  9292 | D:7      | Found a staircase to the Ecumenical Temple.
  9298 | Temple   | Entered the Ecumenical Temple
  9339 | Temple   | Became a worshipper of Hepliaklqana the Forgotten
  9397 | D:7      | Reached skill level 1 in Hexes
  9552 | D:7      | Found a sand-covered staircase.
  9557 | Ossuary  | Entered an ossuary
 10607 | D:7      | Learned a level 3 spell: Regeneration
 10611 | D:7      | Learned a level 3 spell: Mephitic Cloud
 10615 | D:7      | Learned a level 3 spell: Conjure Flame
 10618 | D:7      | Learned a level 2 spell: Blink
 10623 | D:8      | Noticed Erica
 10875 | D:8      | Killed Erica
 10875 | D:8      | Reached skill level 1 in Necromancy
 10875 | D:8      | Reached skill level 1 in Translocations
 10936 | D:8      | Found a hide-covered altar of Uskayaw.
 11019 | D:8      | Reached XP level 10. HP: 62/62 MP: 16/23
 11158 | D:8      | Reached * piety under Hepliaklqana
 11207 | D:8      | Noticed Joseph
 11230 | D:8      | Killed Joseph
 11699 | D:8      | Noticed Harold
 11709 | D:8      | Killed Harold
 11923 | D:8      | Found a snail-covered altar of Cheibriados.
 11923 | D:8      | Found a shimmering altar of Xom.
 11928 | D:8      | Found a faded altar of an unknown god.
 11930 | D:8      | Found an iron altar of Okawaru.
 11931 | D:8      | Found a blossoming altar of Fedhas.
 12360 | D:9      | Noticed Pikel
 12366 | D:9      | Killed Pikel
 12368 | D:9      | Noticed Maurice
 12379 | D:9      | Killed Maurice
 12382 | D:9      | Found a basalt altar of Yredelemnul.
 12547 | D:9      | Found Honkia's Magic Scroll Shoppe.
 12582 | D:9      | Bought a scroll of enchant armour for 105 gold pieces
 12582 | D:9      | Bought a scroll of noise for 14 gold pieces
 12637 | D:9      | Reached skill level 10 in Conjurations
 12639 | D:9      | Noticed Psyche
 12645 | D:9      | Killed Psyche
 12645 | D:9      | Reached skill level 10 in Spellcasting
 13019 | D:9      | Reached ** piety under Hepliaklqana
 13020 | D:9      | Remembered your ancestor Necuametl as a knight
 13029 | D:9      | Found an ornate altar of the Wu Jian Council.
 13033 | D:9      | Found a white marble altar of Elyvilon.
 13033 | D:9      | Found a shadowy altar of Dithmenos.
 13046 | D:9      | Found a deep blue altar of Sif Muna.
 13050 | D:9      | Found an ancient bone altar of Kikubaaqudgha.
 13106 | D:9      | Found a bloodstained altar of Trog.
 13316 | D:10     | Entered Level 10 of the Dungeon
 13318 | D:10     | Got a shimmering silver ring
 13324 | D:9      | Identified the ring "Zentioj" {rC- Str+6 Int+3 Dex+5} (You
                  | found it on level 10 of the Dungeon)
 13708 | D:10     | Reached XP level 11. HP: 66/66 MP: 8/25
 13840 | D:10     | Found a glowing silver altar of Zin.
 13987 | D:10     | Learned a level 4 spell: Throw Icicle
 13991 | D:10     | Learned a level 3 spell: Ozocubu's Armour
 14042 | D:11     | Reached skill level 1 in Ice Magic
 14284 | D:11     | Noticed a two-headed ogre
 14285 | D:11     | Noticed a purple ugly thing
 15056 | D:11     | Reached skill level 5 in Charms
 15212 | D:11     | Noticed a six-headed hydra
 15216 | D:11     | Killed a six-headed hydra
 15423 | D:11     | Noticed Fannar
 15493 | D:11     | Killed Fannar
 15719 | D:11     | Found a staircase to the Lair.
 16538 | D:11     | Reached *** piety under Hepliaklqana
 16688 | D:11     | Killed a two-headed ogre
 16816 | Lair:1   | Entered Level 1 of the Lair of Beasts
 18285 | Lair:2   | Reached **** piety under Hepliaklqana
 18603 | Lair:2   | Reached skill level 5 in Ice Magic
 18953 | Lair:2   | Found a staircase to the Shoals.
 18962 | Lair:2   | Reached XP level 12. HP: 72/72 MP: 21/27
 19916 | Lair:3   | Noticed Sonja
 19924 | Lair:3   | Killed Sonja
 20058 | Lair:3   | Noticed a seven-headed hydra
 21022 | Lair:3   | Killed a seven-headed hydra
 21719 | Lair:4   | Reached skill level 10 in Shields
 22015 | Lair:4   | Reached ***** piety under Hepliaklqana
 22546 | Lair:4   | Found a hole to the Spider Nest.
 22910 | Lair:5   | Found a staircase to the Slime Pits.
 23041 | Lair:5   | Found a gate leading to a gauntlet.
 23058 | Gauntlet | Entered a Gauntlet
 23058 | Gauntlet | Found a transporter.
 23058 | Gauntlet | Found a transporter.
 23183 | Gauntlet | Found a transporter.
 23186 | Gauntlet | Found a transporter.
 23194 | Gauntlet | Found a transporter.
 23197 | Gauntlet | Found a transporter.
 23200 | Gauntlet | Noticed a death yak
 23201 | Gauntlet | Noticed a death yak
 23201 | Gauntlet | Noticed a death yak
 23205 | Gauntlet | Found a transporter.
 23205 | Gauntlet | Noticed a death yak
 23223 | Gauntlet | Found a transporter.
 23223 | Gauntlet | Noticed a catoblepas
 23229 | Gauntlet | Found a transporter.
 23231 | Gauntlet | Found a transporter.
 23233 | Gauntlet | Found a runed translucent gate.
 23233 | Gauntlet | Found a runed translucent gate.
 23234 | Gauntlet | Found a large runed translucent door.
 23234 | Gauntlet | Found a large runed translucent door.
 23235 | Gauntlet | Found a large runed translucent door.
 23236 | Gauntlet | Found a large runed translucent door.
 23237 | Gauntlet | Found a large runed translucent door.
 23237 | Gauntlet | Found a large runed translucent door.
 23237 | Gauntlet | Found a runed translucent door.
 23238 | Gauntlet | Found a large runed translucent door.
 23239 | Gauntlet | Found a large runed translucent door.
 23241 | Gauntlet | Found a transporter.
 23242 | Gauntlet | Found a runed translucent gate.
 23242 | Gauntlet | Found a runed translucent door.
 23280 | Gauntlet | Found a large runed translucent door.
 23280 | Gauntlet | Found a large runed translucent door.
 23281 | Gauntlet | Found a large runed translucent door.
 23282 | Gauntlet | Found a large runed translucent door.
 23283 | Gauntlet | Found a large runed translucent door.
 23283 | Gauntlet | Found a large runed translucent door.
 23284 | Gauntlet | Found a large runed translucent door.
 23285 | Gauntlet | Found a large runed translucent door.
 23290 | Gauntlet | Found a transporter.
 23550 | Gauntlet | Got a smoking cloak
 23561 | Gauntlet | Identified the +0 cloak of the Arcane {rC+ Int+4} (You
                  | found it in a Gauntlet)
 23867 | Gauntlet | Noticed a minotaur
 23877 | Gauntlet | Killed a minotaur
 23877 | Gauntlet | Reached skill level 1 in Fighting
 23877 | Gauntlet | Reached XP level 13. HP: 81/81 MP: 3/29
 23979 | Gauntlet | Got a translucent granite ring
 24000 | Gauntlet | Identified the ring "Ampuqaff" {+Inv rPois Int-3 Dex+3}
                  | (You found it in a Gauntlet)
 24033 | Lair:5   | Reached skill level 2 in Fighting
 24183 | Lair:5   | Reached skill level 3 in Fighting
 24608 | Lair:5   | Noticed Kirke
 24623 | Lair:5   | Killed Kirke
 24623 | Lair:5   | Reached skill level 4 in Fighting
 24640 | Lair:5   | Noticed Rupert
 25047 | Lair:5   | Reached skill level 5 in Fighting
 25174 | Lair:5   | Killed Rupert
 25174 | Lair:5   | Reached skill level 6 in Fighting
 25380 | Lair:5   | Identified a scroll of acquirement
 25381 | Lair:5   | Got a slimy shield
 25392 | Lair:5   | Identified the +4 shield "Anoppes" {rElec rF+++ Dex-3 SInv}
                  | (You acquired it on level 5 of the Lair of Beasts)
 26147 | Lair:6   | Entered Level 6 of the Lair of Beasts
 26164 | Lair:6   | Reached skill level 7 in Fighting
 26627 | Lair:6   | Found a shadowy altar of Dithmenos.
 26865 | Lair:6   | Reached skill level 8 in Fighting
 27029 | Lair:6   | HP: 3/99 [spiny frog (15)]
 27029 | Lair:6   | Reached skill level 9 in Fighting
 28539 | Lair:6   | Found a runed translucent door.
 28547 | Lair:6   | Reached skill level 10 in Fighting
 28618 | Lair:6   | Reached XP level 14. HP: 90/108 MP: 6/30
 30030 | Lair:6   | Got a bloodstained buckler
 30048 | Lair:6   | Identified the +0 buckler of Youthful Indiscretion {rN+}
                  | (You found it on level 6 of the Lair of Beasts)
 30194 | Lair:6   | Reached skill level 11 in Fighting
 31139 | D:3      | Killed Renjy's ghost
 31523 | D:12     | Noticed an orc warlord
 32050 | D:12     | Found a staircase to the Orcish Mines.
 32552 | D:12     | Reached skill level 12 in Fighting
 32898 | D:12     | Killed an orc warlord
 33772 | D:13     | Noticed Frances
 33800 | D:13     | Killed Frances
 33800 | D:13     | Reached skill level 13 in Fighting
 35197 | D:14     | Found a gate to the Vaults.
 35197 | D:14     | Noticed an ironheart preserver
 35206 | D:14     | Killed an ironheart preserver
 35237 | D:14     | Reached XP level 15. HP: 100/123 MP: 7/31
 35930 | Orc:1    | Entered Level 1 of the Orcish Mines
 35940 | Orc:1    | Reached skill level 14 in Fighting
 36270 | Orc:2    | Entered Level 2 of the Orcish Mines
 36270 | Orc:2    | Noticed Urug
 36281 | Orc:2    | Killed Urug
 36512 | Orc:2    | Found Utotzuz's Antique Weapon Shop.
 36594 | Orc:2    | Reached skill level 15 in Shields
 36868 | Orc:2    | Reached skill level 1 in Polearms
 37253 | Orc:2    | Found a staircase to the Elven Halls.
 37292 | Orc:2    | Found Ephoed's Book Shop.
 37298 | Orc:2    | Found Kociokog's Magic Scroll Shop.
 37298 | Orc:2    | Found Deicucse's Gadget Emporium.
 37894 | Orc:2    | Found Rocuu's General Store.
 37977 | Orc:2    | Bought an ichor-stained scimitar for 261 gold pieces
 37982 | Orc:2    | Identified the cursed +0 scimitar "Grim" {flame, *Drain
                  | Fragile rPois Dex+3} (You bought it in a shop on level 2 of
                  | the Orcish Mines)
 38276 | D:15     | Entered Level 15 of the Dungeon
 38281 | D:15     | Reached skill level 15 in Fighting
 38816 | D:15     | Reached skill level 5 in Dodging
 38994 | D:15     | Found a staircase to the Depths.
 39091 | D:15     | Reached skill level 5 in Polearms
 39796 | D:15     | Reached ****** piety under Hepliaklqana
 40632 | D:11     | Learned a level 6 spell: Statue Form
 40716 | Spider:1 | Entered Level 1 of the Spider Nest
 41383 | Spider:1 | Reached skill level 1 in Transmutations
 41383 | Spider:1 | Reached XP level 16. HP: 134/134 MP: 32/32
 41408 | Spider:1 | Reached skill level 1 in Earth Magic
 42987 | Spider:1 | Learned a level 6 spell: Bolt of Cold
 44289 | Spider:2 | Noticed Louise
 44315 | Spider:2 | Found a frozen archway.
 44337 | IceCv    | Entered an ice cave
 44601 | IceCv    | Reached skill level 16 in Fighting
 45198 | IceCv    | Noticed an Ice Fiend
 45216 | IceCv    | Killed an Ice Fiend
 46133 | Spider:2 | Killed Louise
 47283 | Spider:2 | Noticed Donald
 47309 | Spider:2 | Killed Donald
 47861 | Spider:3 | Noticed Arachne
 48011 | Spider:3 | Killed Arachne
 48356 | Spider:3 | Reached skill level 10 in Polearms
 48825 | Spider:3 | Reached XP level 17. HP: 140/142 MP: 22/33
 49777 | Spider:4 | Entered Level 4 of the Spider Nest
 52393 | Spider:4 | Got a gossamer rune of Zot
 52602 | Shoals:1 | Entered Level 1 of the Shoals
 52612 | Shoals:1 | Reached skill level 5 in Transmutations
 52933 | Shoals:1 | Reached skill level 10 in Ice Magic
 52934 | Shoals:1 | Reached skill level 5 in Earth Magic
 52969 | Shoals:1 | Learned a level 5 spell: Venom Bolt
 54452 | Shoals:1 | Found a large runed translucent door.
 54457 | Shoals:1 | Found a large runed translucent door.
 54672 | Shoals:1 | Noticed Renjy's ghost (journeyman GrEE)
 54697 | Shoals:1 | Killed Renjy's ghost
 54844 | Shoals:1 | Got a brightly glowing great sword
 55079 | Shoals:1 | Identified the +3 great sword "Etiorarr" {slice, *Noise
                  | rElec rPois Int+5} (You found it on level 1 of the Shoals)
 55095 | Shoals:1 | Got a pair of spiked gloves
 55106 | Shoals:1 | Identified the +2 pair of gloves "Voweriz" {rElec rCorr}
                  | (You acquired it on level 1 of the Shoals)
 55144 | Shoals:2 | Reached skill level 1 in Poison Magic
 55543 | Shoals:2 | Reached XP level 18. HP: 131/149 MP: 20/35
 56471 | Shoals:3 | Noticed Ilsuiw
 56479 | Shoals:3 | Noticed Polyphemus
 56675 | Shoals:2 | Killed Polyphemus
 57183 | Shoals:2 | Killed Ilsuiw
 59227 | Shoals:3 | Found Fafar's Food Shoppe.
 59467 | Shoals:4 | Entered Level 4 of the Shoals
 60382 | Shoals:4 | Identified the amulet "Geissy" {+Rage rN+ Int+9}
 61828 | Shoals:4 | Reached skill level 10 in Transmutations
 61830 | Shoals:4 | Reached skill level 10 in Earth Magic
 62673 | Shoals:4 | Reached XP level 19. HP: 90/154 MP: 11/36
 63668 | Shoals:4 | Got a barnacled rune of Zot
 64230 | Vaults:1 | Entered Level 1 of the Vaults
 64714 | Elf:1    | Entered Level 1 of the Elven Halls
 64963 | Elf:1    | Found Ydah's Gadget Shoppe.
 65879 | Elf:2    | Found a runed translucent gate.
 65886 | Elf:2    | Found a runed translucent gate.
 66541 | Elf:2    | Found a runed translucent gate.
 66693 | Elf:3    | Entered Level 3 of the Elven Halls
 67090 | Elf:3    | Noticed Aizul
 67101 | Elf:3    | Killed Aizul
 67646 | Elf:3    | Found Gerer's Food Shoppe.
 67695 | Elf:3    | Found Ecrevech's Gadget Boutique.
 67695 | Elf:3    | Found Ageycsin's Jewellery Emporium.
 67696 | Elf:3    | Found Yrasad's Jewellery Emporium.
 67710 | Elf:3    | Bought the ring "Zosutz" {rPois Str+3 Int+4 Slay+3} for 868
                  | gold pieces
 67819 | Elf:3    | Found a portal to a secret trove of treasure.
 67836 | Elf:3    | Identified the Grimoire of Frigorific Sinister Secrets
 67867 | Elf:3    | Noticed Roxanne
 67886 | Elf:3    | Killed Roxanne
 68121 | Elf:3    | Reached skill level 17 in Fighting
 68350 | Elf:3    | Identified the ring of the Heavens {rN+ Str+3 Int+3}
 68934 | Elf:3    | Reached XP level 20. HP: 135/165 MP: 17/37
 68957 | Elf:3    | Identified the +0 scale mail of Anarchy {Int+2}
 71065 | D:11     | Learned a level 5 spell: Borgnjor's Vile Clutch
 71500 | Vaults:1 | Found an iron altar of Okawaru.
 71742 | Vaults:1 | Identified the +1 robe "Ynwiteva" {rF++ Str+8 Int-5}
 71904 | Vaults:1 | Reached skill level 5 in Necromancy
 72112 | Vaults:1 | Reached skill level 18 in Fighting
 72555 | Vaults:2 | Noticed Frederick
 72569 | Vaults:2 | Killed Frederick
 72875 | Vaults:2 | Noticed Asterion
 72886 | Vaults:2 | Killed Asterion
 73551 | Vaults:2 | Noticed Jory
 73569 | Vaults:2 | Killed Jory
 73569 | Vaults:2 | Reached XP level 21. HP: 175/175 MP: 34/39
 73916 | Vaults:3 | Identified the cursed +1 war axe of Arrival {chop, *Corrode
                  | MR+++ Str+4 Dex-4} (You found it on level 3 of the Vaults)
 74269 | Vaults:3 | Found Riozil's Distillery.
 74286 | Vaults:3 | Reached skill level 15 in Spellcasting
 74495 | Vaults:3 | Reached skill level 19 in Fighting
 74743 | Vaults:3 | Noticed Sojobo
 74761 | Vaults:3 | Killed Sojobo
 74903 | Vaults:3 | Found a staircase to the Crypt.
 75504 | Vaults:3 | Noticed Boris
 75513 | Vaults:3 | Killed Boris
 75705 | Vaults:3 | Reached skill level 20 in Fighting
 75943 | Vaults:3 | Found a runed translucent gate.
 75943 | Vaults:3 | Found a runed translucent gate.
 75943 | Vaults:3 | Found a runed translucent gate.
 75946 | Vaults:3 | Noticed Otatas's ghost (adept GrBe)
 76208 | Vaults:3 | Killed Otatas's ghost
 77002 | Vaults:4 | Learned a level 7 spell: Orb of Destruction
 78111 | Vaults:4 | Found Vymeut's Armour Emporium.
 78282 | Vaults:4 | Reached XP level 22. HP: 188/188 MP: 21/42
 78296 | Vaults:4 | Found a roughly hewn altar of Beogh.
 78716 | Depths:1 | Entered Level 1 of the Depths
 78737 | Depths:1 | Noticed Boris
 78743 | Depths:1 | Killed Boris
 78747 | Depths:1 | Reached skill level 15 in Conjurations
 79337 | Depths:1 | Found a shattered altar of Ashenzari.
 79824 | Depths:1 | Found a gateway to Hell.
 80236 | Depths:2 | Found a gateway to a ziggurat.
 80248 | Depths:2 | Reached skill level 21 in Fighting
 82235 | Depths:3 | Reached XP level 23. HP: 150/199 MP: 43/43
 82488 | Depths:3 | Found a one-way gate to the infinite horrors of the Abyss.
 82568 | Depths:3 | Reached skill level 22 in Fighting
 83309 | Depths:3 | Found a one-way gate leading to the halls of Pandemonium.
 84433 | Depths:4 | Found a corrupted altar of Lugonu.
 84685 | Depths:4 | Identified the +5 morningstar "Kiuzais" {elec, +Blink} (You
                  | found it on level 4 of the Depths)
 84856 | Depths:5 | Entered Level 5 of the Depths
 85240 | Depths:5 | Found Dauz's Armour Shop.
 86491 | Depths:5 | Reached skill level 23 in Fighting
 86497 | Depths:5 | Found a gate to the Realm of Zot.
 87177 | Vaults:5 | Entered Level 5 of the Vaults
 87443 | Vaults:4 | Reached XP level 24. HP: 160/211 MP: 31/44
 87722 | Vaults:4 | Learned a level 4 spell: Olgreb's Toxic Radiance
 88393 | Vaults:5 | Noticed an ancient lich
 88773 | Vaults:5 | Killed an ancient lich
 89302 | Vaults:5 | Identified the +8 flail of Umuog {venom, +Fly rElec Str-3}
 89337 | Vaults:5 | HP: 4/212 [quicksilver dragon/bolt of dispelling energy
                  | (22)]
 89372 | Vaults:5 | Killed from afar by a titan

Skill      XL: |  1  2  3  4  5  6  7  8  9 10 11 12 13 14 15 16 17 18 19 20 21 22 23 24 |
---------------+-------------------------------------------------------------------------+-----
Stealth        | 2 |  2.0
Dodging        | 2 5 6 7 8 |  8.8
Shields        | 1 2 3 4 6 7 12 13 14 15 | 15.0
Conjurations   | 5 6 7 8 9 10 11 12 13 14 16 18 | 18.0
Spellcasting   | 3 5 6 7 9 10 11 12 13 14 16 17 18 | 18.4
Hexes          | 2 |  2.1
Charms         | 2 4 5 |  5.0
Necromancy     | 2 3 4 5 |  5.0
Translocations | 2 4 |  4.1
Ice Magic      | 5 6 8 10 | 10.0
Fighting       | 1 10 13 15 16 17 18 20 21 23 | 23.4
Polearms       | 6 10 12 14 | 14.0
Transmutations | 1 2 6 10 11 | 11.0
Earth Magic    | 1 6 10 11 12 | 12.0
Poison Magic   | 2 4 |  4.0

Action                   |  1- 3 |  4- 6 |  7- 9 | 10-12 | 13-15 | 16-18 | 19-21 | 22-24 || total
-------------------------+-------+-------+-------+-------+-------+-------+-------+-------++-------
Melee: Unarmed           |    17 |       |       |       |       |       |       |       ||    17
       Short sword       |    43 |   132 |    21 |       |       |       |       |       ||   196
       Tailslap          |     2 |    11 |     7 |    43 |   124 |    72 |    77 |    75 ||   411
       Dagger            |       |       |    80 |       |       |       |       |       ||    80
       Scimitar          |       |       |     2 |   203 |   510 |       |       |       ||   715
       Demon trident     |       |       |       |       |   214 |   954 |  1000 |   740 ||  2908
       Staff             |       |       |       |       |       |       |    18 |       ||    18
 Cast: Magic Dart        |    75 |   148 |   173 |   115 |    43 |    69 |    14 |       ||   637
       Dazzling Spray    |       |     4 |     3 |       |       |       |       |       ||     7
       Iskenderun's Myst |       |     9 |    83 |    88 |    78 |    56 |    12 |       ||   326
       Mephitic Cloud    |       |       |     3 |    19 |     5 |     8 |     6 |       ||    41
       Throw Icicle      |       |       |       |   128 |   246 |   514 |   161 |    95 ||  1144
       Blink             |       |       |       |     4 |     1 |       |       |       ||     5
       Ozocubu's Armour  |       |       |       |     2 |     3 |       |       |       ||     5
       Regeneration      |       |       |       |     2 |     4 |     8 |     3 |     9 ||    26
       Conjure Flame     |       |       |       |     1 |       |       |       |       ||     1
       Bolt of Cold      |       |       |       |       |       |    17 |    31 |    13 ||    61
       Venom Bolt        |       |       |       |       |       |    15 |    36 |     1 ||    52
       Statue Form       |       |       |       |       |       |     1 |    14 |    29 ||    44
       Borgnjor's Vile C |       |       |       |       |       |       |    36 |    74 ||   110
       Orb of Destructio |       |       |       |       |       |       |       |     6 ||     6
       Olgreb's Toxic Ra |       |       |       |       |       |       |       |     5 ||     5
Invok: Ancestor Life: Kn |       |       |       |     1 |       |       |       |       ||     1
       Recall Ancestor   |       |       |       |     4 |     4 |     9 |     2 |     3 ||    22
 Abil: Breathe Dispellin |       |       |       |       |     3 |     2 |     3 |       ||     8
  Use: Scroll            |       |       |     8 |    16 |    13 |     7 |     6 |     5 ||    55
       Potion            |       |       |     1 |       |     4 |     2 |     1 |    10 ||    18
 Stab: Sleeping          |     5 |     2 |       |     4 |    15 |    12 |    20 |     8 ||    66
       Distracted        |     1 |       |       |     3 |     5 |    12 |     9 |    16 ||    46
       Confused          |       |       |       |     7 |     2 |     2 |     1 |       ||    12
       Paralysed         |       |       |       |       |       |     1 |       |       ||     1
  Eat: Chunk             |     3 |    13 |    17 |    35 |    56 |    53 |    43 |    29 ||   249
       Ration            |       |       |     4 |     2 |     1 |     6 |     5 |     3 ||    21
Armor: Skin              |    27 |    33 |    26 |    52 |   230 |   229 |   138 |   255 ||   990
Dodge: Dodged            |    40 |   109 |   106 |   234 |   527 |   591 |   274 |   347 ||  2228
Block: Buckler           |     6 |    32 |    27 |   106 |       |       |       |       ||   171
       Reflection        |       |       |       |     5 |    22 |    96 |    51 |       ||   174
       Shield            |       |       |       |    41 |  1042 |  1150 |   591 |   519 ||  3343
       Rpst.: Scimitar   |       |       |       |    57 |    90 |       |       |       ||   147
